 Dungeon Crawl Stone Soup version 0.20-a0-903-g7e3609c (webtiles) character file.

99 Rrauwl the Cudgeler (level 4, -29/44 HPs)
             Began as a Troll Gladiator on Mar 21, 2017.
             Killed from afar by an ancient lich (73 damage)
             ... with an iron shot
             ... on level 1 of the Abyss.
             The game lasted 00:06:53 (2073 turns).

Rrauwl the Cudgeler (Troll Gladiator)               Turns: 2073, Time: 00:06:53

Health: -29/44     AC:  7    Str: 23    XL:     4   Next: 45%
Magic:  3/3        EV: 10    Int:  6    God:
Gold:   190        SH:  0    Dex: 11    Spells: 3/3 levels left

rFire    + . .     SeeInvis .   a - +0 flail
rCold    + . .     Gourm    +   m - +2 robe {Archmagi}
rNeg     . . .     Faith    .   (no shield)
rPois    +         Spirit   .   c - +0 hat
rElec    +         Reflect  .   (no cloak)
rCorr    +         Harm     .   (gloves unavailable)
MR       .....                  (boots unavailable)
Stlth    +.........             (no amulet)
Regen    0.6/turn               (no ring)
MPRegen  0.1/turn               o - +2 ring of intelligence

@: resistant
A: unfitting armour, claws 3, fast metabolism 3, gourmand, regeneration 1,
shaggy fur 1, tough skin 2
a: no special abilities


You were on level 1 of the Abyss.
You were very full.

You visited 1 branch of the dungeon, and saw 3 of its levels.
You visited the Abyss 1 time.

You collected 190 gold pieces.

Inventory:

Hand Weapons
 a - a +0 flail (weapon)
Missiles
 d - 3 throwing nets (quivered)
Armour
 c - a +0 hat (worn)
 m - a +2 robe of the Archmagi (worn)
Jewellery
 o - a +2 ring of intelligence (left claw)
Scrolls
 b - a scroll of identify
 h - 3 scrolls of remove curse {unknown}
 j - 2 scrolls of amnesia
 k - a scroll of random uselessness {unknown}
Potions
 e - a potion of might
Comestibles
 f - 5 bread rations
 g - 3 meat rations
 n - 4 chunks of flesh


   Skills:
 + Level 2.4 Fighting
 + Level 3.3 Maces & Flails
 - Level 2.0 Throwing
 + Level 0.8 Armour
 - Level 3.0 Dodging


You had 3 spell levels left.
You didn't know any spells.

Dungeon Overview and Level Annotations

Branches:
Dungeon (3/15)

Altars:


Innate Abilities, Weirdness & Mutations

You are too large for most types of armour.
You have claws for hands.
Your metabolism is lightning-fast.
You like to eat raw meat.
Your natural rate of healing is unusually fast.
You are covered in fur. (AC +1)
You have very tough skin. (AC +2)


Message History

Drop what? 16/52 slots (_ for help) (? for menu, Esc to quit)
You remove your ring of ice.
You drop an uncursed ring of ice.
A large abomination comes into view.
You feel a little less mighty now.
It was a potion of resistance.
You feel protected.
It was a potion of curing.
You feel better.
You are suddenly pulled into a different region of the Abyss!
Found a potion of heal wounds.
Found a gateway leading out of the Abyss.
Found a meat ration.
g - 3 meat rations (gained 1)
An ancient lich comes into view.
The ancient lich shouts!
Some of the chunks of flesh in your inventory have rotted away.
The ancient lich casts a spell at you. The iron shot hits you!
Ouch! That really hurt!
You die...

.#....# # ##.#.#.#
.# #..#..##### ..
#.#...#.#.#.##
#.#.##.#....#.#
...L.#..L#.#...
...#.##..#..#.#
#.#.!#.........#
#.#.#.#...#.@##...#
. ###..#.....∩# ###
#...##.##.#
..#....# .. ..#.#..
##. # #.. #. #. .#
#


You could see an ancient lich.

Vanquished Creatures
  Jessica (D:3)
  2 oozes (D:1)
  2 worms (D:2)
  A dart slug (D:1)
  2 leopard geckos
  An orc (D:3)
  2 ball pythons
  2 giant cockroaches
  7 goblins
  4 hobgoblins
  5 kobolds (D:1)
  3 quokkas
  8 bats
  3 frilled lizards
  9 rats
52 creatures vanquished.

Notes
Turn   | Place    | Note
-------+----------+-------------------------------------------
     0 | D:1      | Rrauwl the Troll Gladiator began the quest for the Orb.
     0 | D:1      | Reached XP level 1. HP: 19/19 MP: 0/0
    51 | D:1      | Reached XP level 2. HP: 28/28 MP: 1/1
   306 | D:1      | Reached XP level 3. HP: 35/35 MP: 2/2
  1789 | D:3      | Noticed Jessica
  1791 | D:3      | Killed Jessica
  1791 | D:3      | Reached XP level 4. HP: 40/44 MP: 3/3
  1951 | D:3      | Cast into level 1 of the Abyss (kobold)
  2037 | Abyss:1  | Noticed a large abomination
  2066 | Abyss:1  | Noticed an ancient lich
  2073 | Abyss:1  | Killed from afar by an ancient lich

Vault maps used:
D:1:      erik_arrival_gehennom, minmay_pentomino_t4
D:3:      minmay_door_path, uniq_jessica

Skill      XL: |  1  2  3 |
---------------+----------+-----
Maces & Flails | 3 |  3.3
Throwing       | 2 |  2.0
Fighting       | 2 |  2.4
Dodging        | 3 |  3.0
Armour         | |  0.8

Action                   |  1- 3 |  4- 6 || total
-------------------------+-------+-------++-------
Melee: Flail             |   147 |    20 ||   167
  Use: Scroll            |     1 |       ||     1
       Potion            |       |     4 ||     4
 Stab: Sleeping          |     1 |       ||     1
  Eat: Chunk             |    21 |     3 ||    24
Armor: Robe              |    69 |     8 ||    77
Dodge: Dodged            |    91 |     8 ||    99
